 Dungeon Crawl Stone Soup version 0.23.1 (webtiles) character file.

Game seed: 11277094500272660968

7848 Norn the Basher (level 11, -13/71 HPs)
             Began as a Gargoyle Gladiator on Mar 1, 2019.
             Was an Elder of the Shining One.
             Mangled by a red ugly thing (14 damage)
             ... on level 11 of the Dungeon on Mar 2, 2019.
             The game lasted 00:33:32 (11929 turns).

Norn the Basher (Gargoyle Gladiator)               Turns: 11929, Time: 00:33:33

Health: -13/71     AC: 25    Str: 20    XL:     11   Next: 21%
Magic:  13/13      EV:  9    Int: 10    God:    the Shining One [****..]
Gold:   600        SH:  0    Dex: 11    Spells: 10/10 levels left

rFire    . . .     SeeInvis .   L - +0 dire flail
rCold    . . .     Gourm    .   (shield currently unavailable)
rNeg     + + +     Faith    .   F - +0 chain mail
rPois    ∞         Spirit   .   c - +1 helmet
rElec    +         Reflect  .   (no cloak)
rCorr    .         Harm     .   M - +2 pair of gloves
MR       .....                  (no boots)
Stlth    ..........             s - amulet of regeneration
HPRegen  0.61/turn              (no ring)
MPRegen  0.13/turn              (no ring)

@: glowing
A: negative energy resistance 1, electricity resistance, unbreathing,
petrification resistance, rot immunity, AC +8
a: Divine Shield, Cleansing Flame, Renounce Religion


You were on level 11 of the Dungeon.
You worshipped the Shining One.
The Shining One was greatly pleased with you.
You were not hungry.

You visited 2 branches of the dungeon, and saw 12 of its levels.

You collected 600 gold pieces.

Inventory:

Hand Weapons
 a - a +1 flail
 L - a +0 dire flail (weapon)
   (You took it off an orc warrior on level 7 of the Dungeon)
Missiles
 l - 302 stones (quivered)
 y - 23 poisoned needles
Armour
 c - a +1 helmet (worn)
 o - a +0 scale mail
   (You found it on level 1 of the Dungeon)
 F - a +0 chain mail (worn)
   (You found it on level 6 of the Dungeon)
 M - a +2 pair of gloves (worn)
   (You found it on level 7 of the Dungeon)
Jewellery
 d - an uncursed ring of wizardry {unknown}
   (You found it on level 5 of the Dungeon)
 h - an uncursed amulet of guardian spirit
   (You found it on level 1 of the Dungeon)
 j - an uncursed amulet of faith {!P}
   (You found it on level 1 of the Dungeon)
 n - an uncursed ring of ice {unknown}
   (You found it on level 1 of the Dungeon)
 q - an uncursed ring of poison resistance {unknown}
   (You found it on level 4 of the Dungeon)
 s - an amulet of regeneration (around neck)
   (You found it on level 2 of the Dungeon)
 A - an uncursed ring of flight {unknown}
   (You found it on level 5 of the Dungeon)
Wands
 t - a wand of flame (11)
   (You found it on level 8 of the Dungeon)
 u - a wand of paralysis (21)
   (You found it on level 8 of the Dungeon)
 N - a wand of polymorph (11)
   (You found it on level 8 of the Dungeon)
Scrolls
 f - 3 scrolls of enchant weapon
 m - 6 scrolls of remove curse {@r2}
 r - 2 scrolls of noise {unknown}
 v - 2 scrolls of teleportation {@r4}
 z - a scroll of vulnerability {unknown}
 C - 2 scrolls of amnesia {unknown}
 D - 6 scrolls of identify {@r1}
 H - 2 scrolls of enchant armour
 I - 2 scrolls of immolation {unknown}
 O - 3 scrolls of fog {unknown}
 P - a scroll of holy word {unknown}
 S - 2 scrolls of blinking {unknown}
Potions
 b - a potion of flight
 g - 4 potions of curing {@q1}
 i - 2 potions of mutation {!q}
 k - a potion of agility {unknown}
 p - a potion of ambrosia {unknown}
 w - 2 potions of brilliance
 x - a potion of cancellation {unknown}
 B - 4 potions of degeneration {unknown}
 E - 3 potions of heal wounds {unknown}
 G - a potion of haste {unknown}
 J - a potion of resistance {unknown}
 K - a potion of berserk rage
 Q - 2 potions of lignification {unknown}
Comestibles
 e - 14 rations {!d}


   Skills:
 + Level 9.4 Fighting
 * Level 12.0 Maces & Flails
 - Level 1.7 Throwing
 + Level 9.1 Armour
 - Level 2.4 Dodging
 + Level 2.9 Invocations


You had 10 spell levels left.
You didn't know any spells.
Your spell library contained the following spells:

 Spells                   Type           Power        Failure   Level  Hunger
 Beastly Appendage        Tmut           #.....       96%         1    ##.....
 Flame Tongue             Conj/Fire      #....        96%         1    ##.....
 Magic Dart               Conj           #...         96%         1    ##.....
 Blink                    Tloc           N/A          99%         2    ###....
 Call Imp                 Summ           #.......     99%         2    ###....
 Slow                     Hex            #.......     99%         2    ###....
 Sticks to Snakes         Tmut           #.......     99%         2    ###....
 Throw Flame              Conj/Fire      #.....       99%         2    ###....
 Conjure Flame            Conj/Fire      #.......     100%        3    ####...
 Inner Flame              Hex/Fire       #.......     100%        3    ####...
 Mephitic Cloud           Conj/Pois/Air  #.......     100%        3    ####...
 Spider Form              Tmut/Pois      #.........   100%        3    ####...
 Ice Form                 Ice/Tmut       #.......     100%        4    #####..
 Sticky Flame             Conj/Fire      #.......     100%        4    #####..
 Blade Hands              Tmut           #.........   100%        5    ######.
 Fireball                 Conj/Fire      #.........   100%        5    ######.


Dungeon Overview and Level Annotations

Branches:
Dungeon (11/15)            Temple (1/1) D:6            Lair (0/6) D:9
    Orc (0/2) D:9

Altars:
Ashenzari
Cheibriados
Dithmenos
Elyvilon
Fedhas
Gozag
Hepliaklqana
Kikubaaqudgha
Makhleb
Nemelex Xobeh
Okawaru
Qazlal
Ru
Sif Muna
Trog
Uskayaw
Vehumet
Wu Jian
Xom
Yredelemnul
Zin
The Shining One

Shops:
D:7 *

Annotations:
D:2 1 runed translucent door, Crazy Yiuf
D:5 1 exclusion


Innate Abilities, Weirdness & Mutations

You are resistant to torment.
Your stone body is resilient. (AC +8)
You are immune to poison.
You resist negative energy. (rN+)
You are resistant to electric shocks. (rElec)
You can survive without breathing.
You are immune to petrification.
You are immune to rotting.


Message History

You hit the ogre.
The ogre hits you with a +0 giant club!!
The howler monkey hits you but does no damage.
You hit the ogre. You impale the ogre!!
You kill the ogre!
The howler monkey hoots and howls with incredible vigour!
You hear a horrible gurgling sound!
You hear a bark!
Your chain mail prevents you from hitting the howler monkey.
The howler monkey hits you but does no damage.
A red ugly thing comes into view.
You hit the howler monkey.
The howler monkey hits you but does no damage.
You hit the howler monkey but do no damage.
The howler monkey hits you but does no damage.
You puncture the howler monkey!
Unknown command.
You barely miss the howler monkey.
The howler monkey hits you but does no damage.
You puncture the howler monkey!
You kill the howler monkey!
You see here a howler monkey corpse.
You butcher the howler monkey corpse.
Things that are here:
3 chunks of flesh; a howler monkey skeleton You eat one of the 15 rations {!d}.
That ration really hit the spot!
You hit the red ugly thing.
The red ugly thing kicks you but does no damage.
You puncture the red ugly thing! The red ugly thing kicks you!
You are engulfed in flames!
* * * LOW HITPOINT WARNING * * *
You sock the red ugly thing!
Your chain mail prevents you from hitting the red ugly thing.
The red ugly thing closely misses you.
Your chain mail prevents you from hitting the red ugly thing.
The red ugly thing kicks you but does no damage.
You sock the red ugly thing!
The red ugly thing kicks you but does no damage.
You closely miss the red ugly thing. You barely miss the red ugly thing.
The red ugly thing kicks you but does no damage.
You puncture the red ugly thing! The red ugly thing kicks you.
* * * LOW HITPOINT WARNING * * *
You are engulfed in flames!
* * * LOW HITPOINT WARNING * * *
You puncture the red ugly thing! You barely miss the red ugly thing.
The red ugly thing kicks you!
* * * LOW HITPOINT WARNING * * *
You are engulfed in flames!
You die...

#..# #.......#
#..#######.......#
#................#
#.................
#..................
#..######...###....#
#..# #...###....#
#..######......
#..@u.%.)......
#.......[......
#..............
#..####........ #..#
#........ .....
......... ###...
......... ...
.........


You could see a red ugly thing.

Vanquished Creatures
  A gargoyle (D:10)
  A kobold demonologist (D:11)
  3 trolls
  Grinder (D:4)
  A dream sheep (D:7)
  A hippogriff (D:9)
  9 yaks (D:9)
  A hungry ghost (D:9)
  Duvessa (D:4)
  A black bear (D:6)
  2 ice beasts (D:5)
  2 sky beasts
  4 orc warriors
  4 phantoms
  5 ogres
  4 centaurs
  A crocodile (D:10)
  4 bullfrogs
  A water moccasin skeleton (D:11)
  Dowan (D:4)
  A troll zombie (D:9)
  3 scorpions
  11 killer bees
  5 wights (D:9)
  4 howler monkeys
  2 crimson imps
  3 jellies
  5 orc priests
  4 hounds
  A bullfrog skeleton (D:11)
  5 orc wizards
  2 iguanas
  6 worker ants
  7 ogre zombies (D:9)
  A hound skeleton (D:4)
  A worker ant zombie (D:7)
  13 adders
  A shadow imp (D:9)
  2 oozes
  An adder zombie (D:7)
  3 adder skeletons
  3 worms
  4 dart slugs
  4 leopard geckos
  30 orcs
  3 ball pythons (D:1)
  4 giant cockroaches
  5 goblins
  8 hobgoblins
  6 jackals (D:4)
  7 kobolds
  2 quokkas
  5 bats
  5 frilled lizards
  2 goblin zombies (D:9)
  A hobgoblin skeleton (D:9)
  5 hobgoblin zombies (D:9)
  2 jackal skeletons
  2 orc skeletons (D:9)
  15 orc zombies (D:9)
  A quokka skeleton (D:7)
  11 rats
254 creatures vanquished.

Vanquished Creatures (others)
  4 dream sheep (D:7)
4 creatures vanquished.

Grand Total: 258 creatures vanquished

Notes
Turn   | Place    | Note
-------+----------+-------------------------------------------
     0 | D:1      | Norn the Gargoyle Gladiator began the quest for the Orb.
     0 | D:1      | Reached XP level 1. HP: 12/12 MP: 1/1
   432 | D:1      | Reached XP level 2. HP: 18/18 MP: 2/2
   787 | D:1      | Reached skill level 1 in Armour
  1072 | D:2      | Found a shattered altar of Ashenzari.
  1157 | D:2      | Reached XP level 3. HP: 22/22 MP: 3/3
  1182 | D:2      | Found a runed translucent door.
  1183 | D:2      | Noticed Crazy Yiuf
  1737 | D:2      | Reached skill level 4 in Maces & Flails
  2048 | D:2      | Reached XP level 4. HP: 27/27 MP: 4/4
  2057 | D:2      | Found a snail-covered altar of Cheibriados.
  2708 | D:3      | Reached XP level 5. HP: 21/32 MP: 5/5
  3356 | D:4      | Found an ornate altar of the Wu Jian Council.
  3363 | D:4      | Noticed Grinder
  3367 | D:4      | Paralysed by Grinder for 4 turns
  3374 | D:4      | Reached skill level 5 in Maces & Flails
  3440 | D:4      | Paralysed by Grinder for 6 turns
  3449 | D:4      | HP: 1/33 [Grinder/nerve-wracking pain (6)]
  3453 | D:4      | Killed Grinder
  3453 | D:4      | Reached XP level 6. HP: 10/38 MP: 6/6
  3740 | D:4      | Reached XP level 7. HP: 44/44 MP: 7/7
  3915 | D:4      | Reached skill level 6 in Maces & Flails
  4217 | D:4      | Noticed Dowan
  4217 | D:4      | Noticed Duvessa
  4270 | D:4      | Killed Dowan
  4618 | D:4      | Killed Duvessa
  4618 | D:4      | Reached skill level 5 in Fighting
  4777 | D:5      | Entered Level 5 of the Dungeon
  4797 | D:5      | Reached skill level 7 in Maces & Flails
  4797 | D:5      | Reached XP level 8. HP: 49/49 MP: 8/8
  4907 | D:5      | Found a deep blue altar of Sif Muna.
  5204 | D:5      | Reached skill level 5 in Armour
  5225 | D:5      | Found a glowing golden altar of the Shining One.
  5240 | D:5      | Found a shadowy altar of Dithmenos.
  5494 | D:5      | Reached skill level 8 in Maces & Flails
  6059 | D:6      | Reached XP level 9. HP: 32/56 MP: 9/9
  6254 | D:6      | Found a sparkling altar of Nemelex Xobeh.
  6338 | D:6      | Found a staircase to the Ecumenical Temple.
  6548 | Temple   | Entered the Ecumenical Temple
  6619 | Temple   | Became a worshipper of the Shining One
  6706 | D:6      | Found a hazy altar of Hepliaklqana.
  6924 | D:7      | Reached skill level 9 in Maces & Flails
  8196 | D:7      | Noticed a troll
  8204 | D:7      | Killed a troll
  8273 | D:7      | Found a basalt altar of Yredelemnul.
  8299 | D:7      | Found Kimewk's General Store.
  8780 | D:7      | Found a bloodstained altar of Trog.
  9028 | D:7      | Found a shimmering altar of Xom.
  9147 | D:8      | Found a white marble altar of Elyvilon.
  9190 | D:8      | Reached skill level 10 in Maces & Flails
  9321 | D:8      | Reached XP level 10. HP: 40/64 MP: 10/10
  9378 | D:8      | Reached * piety under the Shining One
  9383 | D:8      | Found a sacrificial altar of Ru.
  9412 | D:8      | Found an opulent altar of Gozag.
  9941 | D:9      | Found a white marble altar of Elyvilon.
 10029 | D:9      | Found a staircase to the Lair.
 10197 | D:9      | Reached skill level 11 in Maces & Flails
 10239 | D:9      | Reached ** piety under the Shining One
 10281 | D:9      | Found a staircase to the Orcish Mines.
 10311 | D:9      | Reached *** piety under the Shining One
 10369 | D:9      | Reached **** piety under the Shining One
 10664 | D:9      | Found a shadowy altar of Dithmenos.
 10667 | D:9      | Reached skill level 1 in Invocations
 10984 | D:10     | Entered Level 10 of the Dungeon
 11010 | D:10     | Reached XP level 11. HP: 63/71 MP: 12/12
 11857 | D:11     | Reached skill level 12 in Maces & Flails
 11907 | D:11     | Noticed a red ugly thing
 11929 | D:11     | HP: 1/71 [red ugly thing (9)]
 11929 | D:11     | Mangled by a red ugly thing

Skill      XL: |  1  2  3  4  5  6  7  8  9 10 11 |
---------------+----------------------------------+-----
Armour         | 1 2 3 4 6 7 8 9 |  9.1
Maces & Flails | 4 5 7 8 10 11 12 | 12.0
Fighting       | 3 4 5 6 7 9 |  9.4
Invocations    | 1 2 |  2.9
Throwing       | |  1.7
Dodging        | |  2.4

Action                   |  1- 3 |  4- 6 |  7- 9 | 10-12 || total
-------------------------+-------+-------+-------+-------++-------
Melee: Flail             |   157 |   173 |   380 |       ||   710
       Dire flail        |       |       |    64 |   349 ||   413
Throw: Throwing net      |       |     2 |     1 |       ||     3
  Use: Potion            |       |     2 |       |       ||     2
       Scroll            |       |       |     9 |       ||     9
  Eat: Chunk             |     4 |     4 |    16 |    11 ||    35
       Ration            |       |       |     1 |     1 ||     2
Armor: Leather armour    |     2 |       |       |       ||     2
       Ring mail         |     2 |       |       |       ||     2
       Scale mail        |    80 |    94 |   114 |       ||   288
       Chain mail        |       |       |   188 |   185 ||   373
Dodge: Dodged            |    97 |    81 |   193 |   121 ||   492
